 Dungeon Crawl Stone Soup version 0.24.0-10-g970556be89 (webtiles) character file.

Game seed: 16805726885786702726, levelgen mode: deterministic

54 Lanoc the Skirmisher (level 3, -1/37 HPs)
             Began as a Draconian Wanderer on Nov 4, 2019.
             Blown up by Ijyb (25 damage)
             ... with a disintegration bolt
             ... on level 3 of the Dungeon.
             The game lasted 00:02:15 (1270 turns).

Lanoc the Skirmisher (Draconian Wanderer)           Turns: 1270, Time: 00:02:16

Health: -1/37      AC:  6    Str: 18    XL:     3   Next: 66%
Magic:  4/4        EV: 12    Int: 10    God:
Gold:   128        SH:  0    Dex:  9    Spells: 2/2 levels left

rFire    . . .     SeeInvis .   a - +0 falchion
rCold    . . .     Gourm    .   (no shield)
rNeg     . . .     Faith    .   (armour unavailable)
rPois    .         Spirit   .   (helmet restricted)
rElec    .         Reflect  .   (no cloak)
rCorr    .         Harm     .   (no gloves)
MR       .....                  e - +0 pair of boots
Stlth    +.........             (no amulet)
HPRegen  0.12/turn              (no ring)
MPRegen  0.09/turn              (no ring)

@: no status effects
A: unfitting armour, cold-blooded, AC +5
a: no special abilities


You were on level 3 of the Dungeon.
You were not hungry.

You visited 1 branch of the dungeon, and saw 3 of its levels.

You collected 128 gold pieces.

Inventory:

Hand Weapons
 a - a +0 falchion (weapon)
 c - a +0 mace
Armour
 e - a +0 pair of boots (worn)
Scrolls
 f - 2 scrolls of identify {unknown}
 h - 2 scrolls of teleportation {unknown}
 i - 2 scrolls of random uselessness {unknown}
 m - a scroll of remove curse {unknown}
 o - a scroll of enchant weapon {unknown}
 p - a scroll of immolation {unknown}
Potions
 g - a potion of degeneration {unknown}
 j - a potion of lignification {unknown}
 k - a potion of heal wounds {unknown}
 l - a potion of cancellation {unknown}
Miscellaneous
 b - a fan of gales
Comestibles
 d - 2 rations
 n - 2 chunks of flesh


   Skills:
 + Level 5.8 Fighting
 * Level 2.3 Long Blades
 - Level 1.0 Maces & Flails
 + Level 1.7 Dodging
 - Level 1.0 Stealth
 - Level 2.0 Evocations


You had 2 spell levels left.
You didn't know any spells.
Your spell library was empty.

Dungeon Overview and Level Annotations

Branches:
Dungeon (3/15)

Altars:
Nemelex Xobeh

Annotations:
D:3 Ijyb


Innate Abilities, Weirdness & Mutations

Your plain brown scales are hard. (AC +5)
You cannot fit into any form of body armour.
You are cold-blooded and may be slowed by cold attacks.


Message History

You slide downwards.
The hatch slams shut behind you. 2 bats and Ijyb come into view.
Found a stone staircase leading up.
You hit the bat.
You kill the bat!
The bat closely misses you.
You riposte.
You slash the bat!
You kill the bat!
Ijyb screams, "It's all mine!"
Ijyb zaps a wand.
You are blasted!
You hit Ijyb.
Ijyb is lightly wounded.
Ijyb hits you with a +0 dagger.
You hit Ijyb but do no damage.
Ijyb is lightly wounded.
Ijyb closely misses you.
You hit Ijyb but do no damage. You tail-slap Ijyb.
Ijyb is lightly wounded.
Ijyb zaps a wand.
You are blasted!
Ouch! That really hurt!
You die...

#########
#.......#
#...†...#
#....@g.#
#............
#........####
#.........<#
+............
#.......#####
#.......#
#........


You could see Ijyb.

Vanquished Creatures
  An adder (D:2)
  A leopard gecko (D:2)
  10 bats
  A giant cockroach (D:1)
  5 goblins
  8 hobgoblins
  4 kobolds (D:1)
  A ball python (D:2)
  3 frilled lizards
  7 rats
41 creatures vanquished.

Notes
Turn   | Place    | Note
-------+----------+-------------------------------------------
     0 | D:1      | Lanoc the Draconian Wanderer began the quest for the Orb.
     0 | D:1      | Lanoc set off with the following items: a +0 falchion, a
                  | fan of gales, a +0 mace, a ration
     0 | D:1      | Reached XP level 1. HP: 23/23 MP: 2/2
   124 | D:1      | Reached skill level 1 in Long Blades
   128 | D:1      | Reached XP level 2. HP: 26/29 MP: 3/3
   876 | D:2      | Reached XP level 3. HP: 37/37 MP: 4/4
   941 | D:2      | Found a sparkling altar of Nemelex Xobeh.
  1263 | D:3      | Noticed Ijyb
  1270 | D:3      | Blown up by Ijyb

Levels and vault maps discovered:
D:1:      psy_arrival_whirlpool, layout_basic, minivault_11
D:2:      layout_basic, nemelex_xobeh_ov_fountains_minmay
D:3:      layout_basic, first_ration, cheibrodos_gnoll_hut, uniq_ijyb

Skill      XL: |  1  2  3 |
---------------+----------+-----
Long Blades    | 1 2 |  2.3
Fighting       | |  5.8
Maces & Flails | |  1.0
Dodging        | |  1.7
Stealth        | |  1.0
Evocations     | |  2.0

Action                   || total
-------------------------++-------
Melee: Falchion          ||   112
       Tailslap          ||    16
 Stab: Sleeping          ||     1
  Eat: Chunk             ||     1
Armor: Skin              ||    65
Dodge: Dodged            ||   105
       Rpst.: Falchion   ||    42
